 Dungeon Crawl Stone Soup version 0.29-a0-553-g81b289dbe5 (webtiles) character file.

Game seed: 2200515467568395796

2 DocClef the Covert (level 1, -10/23 HPs)
             Began as a Gnoll Delver on June 6, 2022.
             Killed by divine providence
             ... invoked by an orc priest
              (15 damage)
             ... on level 5 of the Dungeon.
             The game lasted 00:00:12 (230 turns).

DocClef the Covert (Gnoll Delver)                    Turns: 230, Time: 00:00:13

Health: -10/23     AC:  3    Str: 11    XL:     1   Next: 40%
Magic:  1/1        EV: 13    Int:  9    God:
Gold:   27         SH:  0    Dex: 13    Spells: 0/0 levels left

rFire   . . .      SeeInvis .   a - +0 short sword
rCold   . . .      Faith    .   (no shield)
rNeg    . . .      Spirit   .   b - +0 leather armour
rPois   .          Reflect  .   (no helmet)
rElec   .          Harm     .   (no cloak)
rCorr   .          Rampage  .   (no gloves)
Will    .....                   (no boots)
Stlth   ++++......              (no amulet)
HPRegen 0.07/turn               (no ring)
MPRegen 0.07/turn               (no ring)

@: no status effects
A: fangs 1, strong nose, distributed training
a: no special abilities


You were on level 5 of the Dungeon.
You visited 1 branch of the dungeon, and saw 1 of its levels.

You collected 27 gold pieces.

Inventory:

Hand Weapons
 a - a +0 short sword (weapon)
Missiles
 h - a throwing net (quivered)
Armour
 b - a +0 leather armour (worn)
Wands
 g - a wand of digging (3)
Scrolls
 c - a scroll of fog
 d - a scroll of magic mapping
 e - a scroll of fear
Potions
 f - 2 potions of haste


   Skills:
 + Level 6.4 Fighting
 + Level 4.4 Short Blades
 + Level 0.0 Long Blades
 + Level 0.0 Axes
 + Level 0.0 Maces & Flails
 + Level 0.0 Polearms
 + Level 0.0 Staves
 + Level 0.0 Slings
 + Level 0.0 Bows
 + Level 0.0 Crossbows
 + Level 0.0 Throwing
 + Level 0.0 Armour
 + Level 4.4 Dodging
 + Level 9.5 Stealth
 + Level 0.0 Shields
 + Level 0.0 Unarmed Combat
 + Level 0.0 Spellcasting
 + Level 0.0 Conjurations
 + Level 0.0 Hexes
 + Level 0.0 Summonings
 + Level 0.0 Necromancy
 + Level 0.0 Translocations
 + Level 0.0 Transmutations
 + Level 0.0 Fire Magic
 + Level 0.0 Ice Magic
 + Level 0.0 Air Magic
 + Level 0.0 Earth Magic
 + Level 0.0 Poison Magic
 + Level 0.1 Invocations
 + Level 0.0 Evocations


You couldn't memorise any spells.
You didn't know any spells.
Your spell library was empty.

Dungeon Overview and Level Annotations

Branches:
Dungeon (5/15)
 Temple: D:4-7

Altars:


Innate Abilities, Weirdness & Mutations

You have very sharp teeth.
Your uncanny sense of smell can sniff out nearby items.
Your experience applies equally to all skills.


Message History

A dart slug comes into view.
A dart slug is nearby!
Found a stone staircase leading up.
The helpless dart slug fails to defend itself.
You impale the dart slug!!
You kill the dart slug!
No target in view!
Found a stone staircase leading down.
You now have 10 gold pieces.
f - 2 potions of haste (gained 1) Key pressed, stopping explore.
You see here a dart slug corpse.
h - a throwing net You now have 27 gold pieces (gained 17).
Found 6 poisoned darts.
A jackal and an orc come into view.
There are monsters nearby!
An orc priest comes into view. It is wielding a +0 dagger.
The orc priest shouts!
You hear an angry hiss.
The orc priest moves out of view.
The orc priest casts a cantrip, but nothing happens. 2 jackals come into view.
A jackal comes into view.
The orc priest looks braver for a moment.
An orc comes into view. It is wielding a +0 club.
The orc priest calls down the wrath of Beogh upon you.
Pain shoots through your body!
An adder comes into view.
The orc shouts!
The orc priest invokes the aid of Beogh against you.
Beogh smites you!
Ouch! That really hurt!
* * * LOW HITPOINT WARNING * * *
The orc shouts!
The orc priest looks braver for a moment.
The orc priest looks encouraged for a moment.
The orc priest mumbles some strange prayers to Beogh against you.
Beogh smites you!
Ouch! That really hurt!
You die...

##......#..o..#
#......#...#o.#
##...##...##..#
####....###..#
#....## #..##
#....## #...# .....#
###...# ##..##
##.....# #..
##..@...#
##..###.......#
#............### ##
#..####><......###
###.
###........######...
#####..##.........
######......<.
##....... ##.......


You could see an orc priest.

Vanquished Creatures
  A dart slug (D:5)
1 creature vanquished.

Notes
Turn   | Place    | Note
-------+----------+-------------------------------------------
     0 | D:5      | Reached skill level 9 in Stealth
     0 | D:5      | DocClef the Gnoll Delver began the quest for the Orb.
     0 | D:5      | Reached XP level 1. HP: 23/23 MP: 1/1
   205 | D:5      | Noticed an orc priest
   230 | D:5      | Killed from afar by an orc priest

Illustrated notes

Levels and vault maps discovered:
D:5:      layout_cave_pods, minmay_overflow_temple_star_hex, uniq_eustachio,
          uniq_edmund

Skill      XL: | |
---------------+-+-----
Stealth        | |  9.5
Fighting       | |  6.4
Short Blades   | |  4.4
Dodging        | |  4.4
Invocations    | |  0.1

Action                   || total
-------------------------++-------
Melee: Short sword       ||     1
 Stab: Sleeping          ||     1

Table legend: (Time is in decaauts)
 A = Elapsed time spent in this place.
 B = Non-inter-level travel time spent in this place.
 C = Inter-level travel time spent in this place.
 D = Time resting spent in this place.
 E = Time spent auto-exploring this place.
 F = Levels seen in this place.
 G = Mean time per level.
                   A        B        C        D        E       F      G
               +--------+--------+--------+--------+--------+-----+--------+
         Total |    229 |    229 |      0 |      0 |    193 |   1 |  229.0 |
       Dungeon |    229 |    229 |      0 |      0 |    193 |   1 |  229.0 |
               +--------+--------+--------+--------+--------+-----+--------+

Top non-repeatable levels by time:
     D:5: 229 daAuts
